 Dungeon Crawl Stone Soup version 0.28.0-1-gb440e238dd (webtiles) character file.

Game seed: 1295525613364945888

32852 Morbidden the Thaumaturge (level 13, -25/85 (98) HPs)
             Began as a Demonspawn Venom Mage on Feb 17, 2022.
             Was the Champion of Cheibriados.
             Annihilated by Rupert (46 damage)
             ... on level 6 of the Lair of Beasts on Feb 20, 2022.
             The game lasted 00:40:48 (27078 turns).

Morbidden the Thaumaturge (Demonspawn Venom Mage)  Turns: 27078, Time: 00:40:49

HP:   -25/85 (98)   AC: 12    Str: 32    XL:     13   Next: 33%
MP:   27/27         EV: 24    Int: 35    God:    Cheibriados [******]
Gold: 822           SH:  0    Dex: 36    Spells: 15/32 levels left

rFire   . . .      SeeInvis .   a - +4 dagger of Mayhem {venom, Str+6 Dex+8}
rCold   . . .      Faith    .   (no shield)
rNeg    . . .      Spirit   .   E - +0 ring mail
rPois   .          Reflect  .   (no helmet)
rElec   .          Harm     .   G - +0 cloak
rCorr   .          Rampage  .   S - +0 pair of gloves
Will    .....                   (no boots)
Stlth   +++.......              R - amulet of regeneration
HPRegen 1.04/turn               M - +4 ring of protection
MPRegen 0.20/turn               e - ring of wizardry

@: heavily drained, very slow
A: hooves 2, repulsion field 2, ignite blood 2, powered by pain 3
a: Renounce Religion, Bend Time, Temporal Distortion, Slouch, Step From Time


You were on level 6 of the Lair of Beasts.
You worshipped Cheibriados.
Cheibriados was exalted by your worship.
You visited 4 branches of the dungeon, and saw 18 of its levels.
You also visited: Ossuary.

You collected 969 gold pieces.
You spent 147 gold pieces at shops.

Inventory:

Hand Weapons
 a - the +4 dagger of Mayhem (weapon) {venom, Str+6 Dex+8}
   (You bought it in a shop on level 1 of the Dungeon)

   It poisons the flesh of those it strikes.
   Str:       It affects your strength (+6).
   Dex:       It affects your dexterity (+8).
 u - a +2 dagger of freezing
Missiles
 k - 3 silver boomerangs
 m - 19 poisoned darts
 p - 3 javelins
 y - a boomerang (quivered)
 K - 3 curare-tipped darts
Armour
 E - a +0 ring mail (worn)
 G - a +0 cloak (worn)
 S - a +0 pair of gloves (worn)
Magical Staves
 O - a staff of conjuration
Jewellery
 e - a ring of wizardry (right hand)
 M - a +4 ring of protection (left hand)
 R - an amulet of regeneration (around neck)
Wands
 N - a wand of flame (22)
 P - a wand of acid (6)
 T - a wand of digging (4)
 U - a wand of paralysis (4)
 W - a wand of iceblast (7)
Scrolls
 f - 4 scrolls of identify
 g - 4 scrolls of fog
 h - a scroll of noise
 j - 3 scrolls of amnesia
 l - a scroll of vulnerability
 n - 3 scrolls of enchant weapon
 o - 2 scrolls of magic mapping
 t - 6 scrolls of teleportation
 v - 3 scrolls of enchant armour {unknown}
 A - 2 scrolls of silence {unknown}
 B - 2 scrolls of brand weapon
 C - 2 scrolls of torment
 F - 2 scrolls of fear
 I - a scroll of holy word {unknown}
 L - a scroll of blinking {unknown}
 Q - 2 scrolls of immolation {unknown}
Potions
 b - 3 potions of curing
 c - a potion of magic {unknown}
 d - 3 potions of brilliance
 i - a potion of resistance
 q - a potion of degeneration {unknown}
 s - 6 potions of heal wounds
 w - 3 potions of flight
 x - a potion of haste
 z - a potion of invisibility {unknown}
 D - 3 potions of mutation {unknown}
 H - 5 potions of might
 J - 5 potions of lignification {unknown}
 V - a potion of berserk rage {unknown}
Miscellaneous
 r - a condenser vane


   Skills:
 * Level 7.7 Fighting
 * Level 7.4 Short Blades
 + Level 3.0 Throwing
 + Level 5.1 Armour
 * Level 7.5 Dodging
 + Level 4.3 Stealth
 * Level 10.4 Spellcasting
 * Level 3.7 Conjurations
 * Level 2.5 Translocations
 + Level 5.6 Transmutations
 * Level 3.1 Fire Magic
 + Level 1.5 Air Magic
 + Level 8.4 Poison Magic
 * Level 6.3 Invocations
 + Level 0.7 Evocations


You had 15 spell levels left.
You knew the following spells:

 Your Spells              Type           Power      Damage    Failure   Level
a - Iskenderun's Mystic   Conj/Tloc      40%        2d9       3%          4
b - Poisonous Vapours     Pois/Air       100%       N/A       1%          2
c - Starburst             Conj/Fire      21%        6d7       43%         6
d - Sting                 Tmut/Pois      100%       1d8       1%          1
z - Olgreb's Toxic Radia  Pois           67%        N/A       1%          4

Your spell library contained the following spells:

 Spells                   Type           Power      Damage    Failure   Level
 Magic Dart               Conj           100%       1d8       1%          1
 Call Imp                 Summ           18%        N/A       1%          2
 Corpse Rot               Necr/Air       46%        N/A       1%          2
 Dazzling Flash           Conj/Hex       62%        N/A       1%          3
 Mephitic Cloud           Conj/Pois/Air  50%        N/A       1%          3
 Blade Hands              Tmut           27%        N/A       3%          5
 Animate Armour           Summ/Erth      36%        N/A       13%         4
 Iron Shot                Conj/Erth      15%        9d4       63%         6


Dungeon Overview and Level Annotations

Branches:
Dungeon (10/15)            Temple (1/1) D:7            Lair (6/6) D:9
 Shoals (0/4) Lair:4        Snake (0/4) Lair:4        Slime (1/5) Lair:5
Ossuary (visited)
    Orc: D:9-12

Altars:
Ashenzari
Cheibriados
Dithmenos
Elyvilon
Fedhas
Gozag
Hepliaklqana
Kikubaaqudgha
Makhleb
Nemelex Xobeh
Okawaru
Qazlal
Ru
Sif Muna
Trog
Uskayaw
Vehumet
Wu Jian
Xom
Yredelemnul
Zin
The Shining One
Jiyva

Shops:
D:1 (   D:2 *   D:3 ?

Annotations:
D:9 1 runed translucent door
Lair:3 exclusion: 3 oklob plants
Lair:6 Rupert


Innate Abilities, Weirdness & Mutations

You have hoof-like feet.
You are surrounded by a moderate repulsion field. (EV +3)
Your demonic aura often causes spilled blood to erupt in flames.
You are powered by pain.


Message History

Press: ? - help, Q - select action, (/) - cycle Shift-Dir - straight line, f/p - Rupert
Aim: Rupert, wielding a +2 great sword of draining and wearing a +0 scale mail (flame, heavily wounded, 75% to hit)
You throw a boomerang.
The boomerang hits Rupert but does no damage.
Rupert is heavily wounded.
The fungus is engulfed in blazing flames.
Rupert is engulfed in blazing flames.
Throw: boomerang
Press: ? - help, Q - select action, (/) - cycle Shift-Dir - straight line, f/p - Rupert
Aim: Rupert, wielding a +2 great sword of draining and wearing a +0 scale mail (severely wounded, 75% to hit)
You throw a boomerang.
The boomerang hits Rupert but does no damage.
Rupert is severely wounded.
The fungus is engulfed in blazing flames.
A nearby fungus withers and dies.
Throw: boomerang
Press: ? - help, Q - select action, (/) - cycle Shift-Dir - straight line, f/p - Rupert
Aim: Rupert, wielding a +2 great sword of draining and wearing a +0 scale mail (severely wounded, 75% to hit)
You throw a boomerang. The boomerang hits Rupert.
Rupert is severely wounded.
Rupert roars madly and goes into a rage!
Rupert goes berserk!
Unknown command.
Throw: boomerang
Press: ? - help, Q - select action, (/) - cycle Shift-Dir - straight line, f/p - Rupert
Aim: Rupert, wielding a +2 great sword of draining and wearing a +0 scale mail (severely wounded, berserk, 75% to hit)
You throw a boomerang. The boomerang hits Rupert.
Rupert is severely wounded.
Rupert hits you with a +2 great sword of draining!!
You feel drained.
Rupert hits you with a +2 great sword of draining!!
* * * LOW HITPOINT WARNING * * *
You feel drained.
* * * LOW HITPOINT WARNING * * *
Unknown command.
Unknown command.
Rupert is engulfed in blazing flames.
Rupert hits you with a +2 great sword of draining!!!
Ouch! That really hurt!
You die...

#......#
#....##
###..#.##
#.#.....# #
##.......#
#.###........#
##...........#
#.......○....#
#.....@@...##
###...○........
#............
####.#...#...
###.......
....... P......
#.....#


You could see Rupert (berserk).

Vanquished Creatures
  Kirke (Lair:4)
  A hydra (Lair:4)
  A boulder beetle (Lair:5)
  2 two-headed ogres (D:10)
  2 black mambas
  11 cane toads
  12 komodo dragons
  A rime drake (Lair:6)
  A polar bear (Lair:4)
  2 trolls
  20 blink frogs
  7 dream sheep (Lair:6)
  3 wyverns
  A vampire (D:8)
  41 yaks
  A wraith (D:10)
  A steam dragon (D:9)
  6 hogs (Lair:4)
  5 basilisks
  A vampire mosquito (D:10)
  2 nagas (Lair:4)
  10 water moccasins
  An ice beast (D:6)
  A black bear (Lair:2)
  A necrophage (D:6)
  2 sky beasts
  3 centaurs
  21 wolves
  3 ogres
  4 kobold brigands
  A gnoll sergeant (D:6)
  4 water moccasin zombies (Ossuary)
  7 bullfrogs
  3 scorpions
  23 killer bees (D:9)
  8 wights
  11 electric eels
  7 howler monkeys
  A jelly (D:5)
  A bullfrog zombie (D:5)
  A centaur zombie (D:6)
  8 hounds
  4 orc priests
  2 centaur skeletons
  A bullfrog skeleton (D:5)
  Jessica (D:2)
  A scorpion zombie (D:5)
  An iguana (D:6)
  9 orc wizards
  A killer bee zombie (D:8)
  A howler monkey zombie (D:10)
  2 mummies (Ossuary)
  A howler monkey skeleton (D:5)
  5 adders
  5 gnolls
  A shadow imp (D:7)
  A white imp (D:6)
  6 adder zombies (Ossuary)
  A worm (D:2)
  4 dart slugs
  23 orcs
  6 ball pythons
  6 endoplasms
  2 giant cockroaches
  9 goblins
  10 hobgoblins
  3 jackals (D:5)
  28 kobolds
  A quokka (D:1)
  5 bats
  3 frilled lizards
  3 gnoll zombies (Ossuary)
  6 hobgoblin zombies (Ossuary)
  3 kobold zombies (Ossuary)
  6 orc zombies (Ossuary)
  11 rats
  A spectral goblin (D:1)
416 creatures vanquished.

Vanquished Creatures (others)
  5 dream sheep (D:4)
  18 fungi
  32 plants
55 creatures vanquished.

Grand Total: 471 creatures vanquished

Notes
Turn   | Place    | Note
-------+----------+-------------------------------------------
     0 | D:1      | Morbidden the Demonspawn Venom Mage began the quest for the
                  | Orb.
     0 | D:1      | Reached XP level 1. HP: 13/13 MP: 3/3
   153 | D:1      | Found a faded altar of an unknown god.
   412 | D:1      | Gained mutation: You sometimes gain a little power by
                  | taking damage. [demonic ancestry]
   412 | D:1      | Reached XP level 2. HP: 8/20 MP: 1/5
   981 | D:1      | Reached skill level 1 in Transmutations
  1019 | D:1      | Reached skill level 1 in Fighting
  1136 | D:1      | Reached XP level 3. HP: 15/26 MP: 4/7
  1139 | D:1      | Learned a level 2 spell: Poisonous Vapours
  1372 | D:1      | Found Ugaokang's Antique Weapon Boutique.
  2558 | D:2      | Found Malameaps's General Store.
  2744 | D:2      | Reached skill level 3 in Spellcasting
  2744 | D:2      | Noticed Jessica
  2758 | D:2      | Killed Jessica
  2759 | D:2      | Gained mutation: You sometimes gain power by taking damage.
                  | [demonic ancestry]
  2759 | D:2      | Reached XP level 4. HP: 27/32 MP: 8/8
  3022 | D:3      | HP: 1/32 [hound (5)]
  3505 | D:3      | Found an ancient bone altar of Kikubaaqudgha.
  3692 | D:3      | Found Civyoq's Magic Scroll Shoppe.
  3736 | D:3      | Gained mutation: You are surrounded by a mild repulsion
                  | field. (EV +2) [demonic ancestry]
  3736 | D:3      | Reached XP level 5. HP: 20/37 MP: 9/9
  4424 | D:4      | Found a sand-covered staircase.
  4447 | Ossuary  | Entered an ossuary
  4823 | Ossuary  | Reached skill level 1 in Short Blades
  5497 | Ossuary  | Gained mutation: You are surrounded by a moderate repulsion
                  | field. (EV +3) [demonic ancestry]
  5497 | Ossuary  | Reached XP level 6. HP: 13/44 MP: 11/11
  7357 | D:1      | Bought a crude dagger for 147 gold pieces
  7357 | D:1      | Identified the +4 dagger of Mayhem {venom, Str+6 Dex+8}
                  | (You bought it in a shop on level 1 of the Dungeon)
  7551 | D:4      | Reached skill level 4 in Spellcasting
  7551 | D:4      | Gained mutation: You are powered by pain. [demonic
                  | ancestry]
  7551 | D:4      | Reached XP level 7. HP: 49/51 MP: 11/13
  7578 | D:4      | Noticed a dream sheep
  7578 | D:4      | Noticed a dream sheep
  7578 | D:4      | Noticed a dream sheep
  7578 | D:4      | Noticed a dream sheep
  7578 | D:4      | Noticed a dream sheep
  7578 | D:4      | Found a shimmering altar of Xom.
  7579 | D:4      | Killed a dream sheep
  7580 | D:4      | Killed a dream sheep
  7580 | D:4      | Killed a dream sheep
  7580 | D:4      | Killed a dream sheep
  7581 | D:4      | Killed a dream sheep
  8283 | D:5      | Entered Level 5 of the Dungeon
  8294 | D:5      | Reached skill level 1 in Throwing
  8620 | D:5      | Gained mutation: Your demonic aura sometimes causes spilled
                  | blood to erupt in flames. [demonic ancestry]
  8620 | D:5      | Reached XP level 8. HP: 49/58 MP: 14/14
  9498 | D:6      | Learned a level 4 spell: Olgreb's Toxic Radiance
 11064 | D:6      | Reached skill level 1 in Armour
 11094 | D:6      | Reached skill level 5 in Poison Magic
 11210 | D:6      | Found a radiant altar of Vehumet.
 11437 | D:7      | Found a bloodstained altar of Trog.
 11472 | D:7      | Found a staircase to the Ecumenical Temple.
 11482 | Temple   | Entered the Ecumenical Temple
 12091 | D:7      | Gained mutation: You have large cloven feet. [demonic
                  | ancestry]
 12091 | D:7      | Reached XP level 9. HP: 43/65 MP: 16/16
 12135 | D:7      | Upgraded the game from 0.28.0 to 0.28.0-1-gb440e238dd
 12876 | D:7      | Reached skill level 5 in Spellcasting
 13441 | D:8      | Reached skill level 5 in Short Blades
 14453 | D:7      | Reached skill level 1 in Air Magic
 15402 | D:8      | Gained mutation: You have hoof-like feet. [demonic
                  | ancestry]
 15402 | D:8      | Reached XP level 10. HP: 30/63 MP: 18/18
 15810 | D:8      | Reached skill level 5 in Fighting
 15935 | D:8      | Found a snail-covered altar of Cheibriados.
 16103 | D:8      | Became a worshipper of Cheibriados the Contemplative
 16438 | D:9      | Reached skill level 5 in Dodging
 16517 | D:9      | Reached skill level 1 in Invocations
 16576 | D:9      | Reached * piety under Cheibriados
 16769 | D:9      | Found a staircase to the Lair.
 17078 | D:9      | Found an ornate altar of the Wu Jian Council.
 17124 | D:9      | Reached skill level 6 in Spellcasting
 17146 | D:9      | Reached ** piety under Cheibriados
 17769 | D:9      | Noticed a boulder beetle
 17769 | D:9      | Noticed a boulder beetle
 17770 | D:9      | Found a runed translucent door.
 17772 | D:9      | Noticed a yaktaur captain
 17772 | D:9      | Noticed a flayed ghost
 17772 | D:9      | Noticed a fire crab
 18232 | D:10     | Entered Level 10 of the Dungeon
 18326 | D:10     | Noticed a two-headed ogre
 18329 | D:10     | Killed a two-headed ogre
 18490 | D:10     | Reached *** piety under Cheibriados
 18491 | D:10     | Reached skill level 5 in Transmutations
 18493 | D:10     | Reached skill level 7 in Spellcasting
 18493 | D:10     | Reached XP level 11. HP: 60/81 MP: 6/21
 18644 | D:10     | Found a shadowy altar of Dithmenos.
 18688 | D:10     | Found an opulent altar of Gozag.
 18736 | D:10     | Noticed a two-headed ogre
 18745 | D:10     | Killed a two-headed ogre
 19118 | Lair:1   | Entered Level 1 of the Lair of Beasts
 21028 | Lair:2   | Learned a level 6 spell: Starburst
 21465 | Lair:2   | Reached skill level 1 in Conjurations
 21472 | Lair:2   | Reached skill level 5 in Invocations
 21476 | Lair:2   | Reached **** piety under Cheibriados
 21477 | Lair:2   | Reached skill level 8 in Spellcasting
 21669 | Lair:2   | Reached skill level 1 in Fire Magic
 21757 | Lair:2   | Reached XP level 12. HP: 68/89 MP: 12/24
 22671 | Lair:3   | Reached ***** piety under Cheibriados
 22749 | Lair:3   | Learned a level 4 spell: Iskenderun's Mystic Blast
 23061 | Lair:3   | Reached skill level 9 in Spellcasting
 23765 | Lair:4   | Reached skill level 1 in Translocations
 23769 | Lair:4   | Noticed Kirke
 23776 | Lair:4   | Reached skill level 5 in Armour
 23869 | Lair:4   | Killed Kirke
 24045 | Lair:4   | Found a staircase to the Shoals.
 24321 | Lair:4   | Found a staircase to the Snake Pit.
 24983 | Lair:4   | Noticed a six-headed hydra
 24996 | Lair:4   | Killed a six-headed hydra
 25252 | Lair:5   | Found a staircase to the Slime Pits.
 25253 | Lair:5   | Found a viscous altar of Jiyva.
 25370 | Lair:5   | Gained mutation: Your demonic aura often causes spilled
                  | blood to erupt in flames. [demonic ancestry]
 25370 | Lair:5   | Reached XP level 13. HP: 90/96 MP: 5/26
 25792 | Lair:5   | Reached skill level 10 in Spellcasting
 26255 | Slime:1  | Entered Level 1 of the Pits of Slime
 26261 | Lair:6   | Entered Level 6 of the Lair of Beasts
 26779 | Lair:6   | Reached ****** piety under Cheibriados
 27010 | Lair:6   | Noticed Rupert
 27078 | Lair:6   | Annihilated by Rupert

Illustrated notes

Levels and vault maps discovered:
D:1:      scummos_arrival_checkerplants, layout_basic, serial_shops,
          nicolae_shop_behind_doors, dreamdust_ecumenical_altar_drowned_temple
D:2:      layout_basic, serial_shops, nicolae_shop_advertising_works
          [nicolae_subvault_shop_adworks], minmay_pentomino_s4, uniq_jessica
D:3:      layout_loops_ring, mainiacjoe_overflow_cross_hatched, serial_shops,
          shop, minmay_goblin_outpost
D:4:      layout_basic, kb_xom_exploding_sheep, enter_ossuary_1,
          roderic_three_in_a_row, minmay_door_square,
          minmay_misc_feat_more_columns, grunt_decor_cap
D:5:      layout_basic
D:6:      layout_loops_ring, lemuel_coloured_pillars_altar
D:7:      layout_cave_pools, mainiacjoe_overflow_brackets,
          minmay_temple_entry_drinking_statues, dk_vineyard_1
D:8:      layout_basic, cheibriados_altar_1, serial_curves, eino_curves_03,
          eino_curves_01
D:9:      minmay_gate_of_8, layout_basic, kennysheep_mini_moat,
          pdpol_wu_jian_five_deadly_venoms, erik_lair_island
D:10:     layout_roguey, kennysheep_mini, mainiacjoe_overflow_alcove_1,
          serial_glass, glass_columns_c, glass_columns_b, st_stairs_11
Temple:   oiseaux_autumnal_temple
Lair:1:   layout_cave_pods, serial_bayou_lake_a, grunt_megastairs_4,
          serial_bayou_shore_b
Lair:2:   layout_chaotic_city
Lair:3:   dpeg_oklob_gauntlet, layout_layer_cave
Lair:4:   layout_small_grid, elwin_shoals_entry_rocks,
          guppyfry_snake_entry_garden, ldierk_geyser, uniq_kirke
Lair:5:   layout_gridlike, slime_altar_1
Lair:6:   grunt_lair_end_beastmaster, layout_misc_corridors, minivault_25,
          chequers_serial_rivers_micro_b, grunt_megastairs_5, uniq_rupert
Slime:1:  layout_caves

Skill      XL: |  1  2  3  4  5  6  7  8  9 10 11 12 13 |
---------------+----------------------------------------+-----
Transmutations | 1 2 3 4 5 |  5.6
Fighting       | 1 2 3 4 5 6 7 |  7.7
Dodging        | 2 3 4 5 6 7 |  7.5
Spellcasting   | 3 4 5 7 8 9 10 | 10.4
Stealth        | 2 3 4 |  4.3
Short Blades   | 1 3 4 5 6 7 |  7.4
Poison Magic   | 4 5 6 7 8 |  8.4
Throwing       | 1 2 3 |  3.0
Armour         | 1 2 3 4 5 |  5.1
Air Magic      | 1 |  1.5
Invocations    | 3 5 6 |  6.3
Conjurations   | 1 3 |  3.7
Fire Magic     | 1 2 3 |  3.1
Translocations | 2 |  2.5
Evocations     | |  0.7

Action                   |  1- 3 |  4- 6 |  7- 9 | 10-12 | 13-15 || total
-------------------------+-------+-------+-------+-------+-------++-------
Melee: Unarmed           |    18 |       |       |       |       ||    18
       Dagger            |    63 |   295 |   315 |   423 |    47 ||  1143
       Punch             |     1 |     7 |     5 |     4 |     1 ||    18
       Kick              |       |       |    37 |   170 |    21 ||   228
Throw: Boomerang         |       |    24 |    51 |    22 |    12 ||   109
       Javelin           |       |    11 |       |       |       ||    11
       Dart              |       |       |     4 |       |       ||     4
 Cast: Sting             |    36 |    14 |    21 |    50 |       ||   121
       Poisonous Vapours |     8 |    12 |     9 |    31 |     9 ||    69
       Olgreb's Toxic Ra |       |       |     8 |    93 |    11 ||   112
       Iskenderun's Myst |       |       |       |    30 |    21 ||    51
Invok: Temporal Distorti |       |       |       |     1 |       ||     1
       Bend Time         |       |       |       |     2 |       ||     2
Evoke: Wand              |       |       |     1 |     7 |       ||     8
  Use: Potion            |       |     4 |     1 |     3 |     1 ||     9
       Scroll            |       |     5 |     2 |     6 |     4 ||    17
 Stab: Sleeping          |     3 |     3 |     4 |     2 |     1 ||    13
       Distracted        |       |       |     1 |     1 |       ||     2
Armor: Robe              |    20 |    39 |     4 |       |       ||    63
       Ring mail         |       |       |    35 |    86 |     9 ||   130
Dodge: Dodged            |    45 |   208 |   221 |   411 |    53 ||   938
